 Dungeon Crawl Stone Soup version 0.17.1-2-g5865329 (webtiles) character file.

497 namelastname112 the Ducker (level 6, -1/52 HPs)
             Began as a Draconian Wizard on Jan 12, 2016.
             Was an Initiate of Okawaru.
             Slain by an orc priest
             ... wielding a +0 short sword
              (3 damage)
             ... on level 5 of the Dungeon.
             The game lasted 00:08:46 (5204 turns).

namelastname112 the Ducker (Draconian Wizard)       Turns: 5204, Time: 00:08:47

Health: -1/52      AC:  6    Str: 14    XL:     6   Next: 93%
Magic:  10/10      EV: 13    Int: 18    God:    Okawaru [......]
Gold:   167        SH:  0    Dex: 12    Spells: 1 memorised, 10 levels left

rFire  . . .     SeeInvis .     i - +3 short sword
rCold  . . .     Clarity  .     (armour unavailable)
rNeg   . . .     SustAt   .     (no shield)
rPois  .         Gourm    .     a - +0 hat
rElec  .         Spirit   .     (no cloak)
rCorr  .         Warding  .     (no gloves)
rMut   .         Rnd*Tele +     (no boots)
MR     .....                    (no amulet)
Stlth  +++.......               E - ring of teleportation (curse)
                                y - ring of stealth

@: mighty, not resistant to hostile enchantments, fairly stealthy
A: unfitting armour, cold-blooded, AC +6
a: Renounce Religion, Evoke Teleportation


You were on level 5 of the Dungeon.
You worshipped Okawaru.
Okawaru was noncommittal.
You were hungry.

You visited 2 branches of the dungeon, and saw 6 of its levels.

You collected 167 gold pieces.

Inventory:

Hand Weapons
 i - a +3 short sword (weapon)
 k - a +0 halberd
Armour
 a - a +0 hat (worn)
Jewellery
 g - an uncursed ring of ice
 y - a ring of stealth (left hand)
 E - a cursed ring of teleportation (right hand)
Wands
 A - a wand of digging (15)
Scrolls
 h - 3 scrolls of enchant armour {unknown}
 l - a scroll of random uselessness {unknown}
 m - 3 scrolls of teleportation {unknown}
 o - 5 scrolls of identify {unknown}
 r - a scroll of immolation {unknown}
 u - a scroll of noise {unknown}
 C - a scroll of fear {unknown}
Potions
 d - 2 potions of might
 e - a potion of flight {unknown}
 f - 4 potions of curing {unknown}
 n - a potion of agility {unknown}
 p - a potion of ambrosia {unknown}
 s - 3 potions of heal wounds {unknown}
 t - a potion of poison {unknown}
 w - a potion of lignification {unknown}
 x - a potion of magic {unknown}
 z - a potion of mutation {unknown}
 B - a potion of degeneration {unknown}
Books
 b - a book of Minor Magic

   Spells                             Type                      Level
   a - Magic Dart                     Conjuration                  1
   b - Blink                          Translocation                2
   c - Call Imp                       Summoning                    2
   d - Repel Missiles                 Charms/Air                   2
   e - Slow                           Hexes                        2
   f - Conjure Flame                  Conjuration/Fire             3
   g - Mephitic Cloud                 Conjuration/Poison/Air       3
Comestibles
 c - 3 bread rations
 j - 2 beef jerkies
 v - 2 meat rations
 D - 3 fruits


   Skills:
 + Level 3.7 Fighting
 * Level 4.0 Polearms
 + Level 4.0 Dodging
 - Level 1.7 Stealth
 - Level 3.0 Spellcasting
 - Level 1.0 Conjurations
   Level 1.0 Summonings
   Level 1.0 Translocations
 * Level 2.1 Invocations


You had 10 spell levels left.
You knew the following spells:

 Your Spells              Type           Power        Failure   Level  Hunger
z - Magic Dart            Conj           #...         12%         1    None


Dungeon Overview and Level Annotations

Branches:
Dungeon (5/15)             Temple (1/1) D:4

Altars:
Ashenzari
Cheibriados
Dithmenos
Elyvilon
Gozag
Kikubaaqudgha
Makhleb
Nemelex Xobeh
Okawaru
Qazlal
Ru
Sif Muna
Trog
Vehumet
Xom
Yredelemnul

Annotations:
D:5 Edmund


Innate Abilities, Weirdness & Mutations

Your plain brown scales are hard (AC +6).
Your body does not fit into most forms of armour.
You are cold-blooded and may be slowed by cold attacks.


Message History

The orc priest hits you but does no damage.
You barely miss the orc priest.
The orc priest is heavily wounded.
The orc priest calls down the wrath of Beogh upon you.
Something smites you!
You hit the orc priest.
The orc priest is severely wounded.
The orc priest closely misses you.
You hit the orc priest. You tail-slap the orc priest.
The orc priest is almost dead.
The orc priest completely misses you.
The orc priest calls down the wrath of Beogh upon you.
Something smites you!
* * * LOW HITPOINT WARNING * * *
You are too injured to fight recklessly!
Drink which item? (? for menu, Esc to quit)
It was a potion of might.
You feel very mighty all of a sudden.
The orc priest hits you with a short sword.
You die...

#...............
##.............#
#............# ...##
##..........## ##. ....#
#.....###### #.. ....#
####..## #.# ....#
##..######## #.# ....#
#####..##..).# ##.# ...##
###......o@.<..# #..#
....###..............## #..#
.....#................# #..#
.##..)................# #.##
####..................# ##.##
# #..................##
###...#
#..................)####......
#....................#....##..
##........................####


You could see an orc priest.

Vanquished Creatures
  An ogre (D:4)
  A scorpion (D:4)
  An iguana (D:5)
  3 centaur skeletons (D:5)
  An orc wizard (D:4)
  9 gnolls
  5 adders
  3 oozes
  An adder skeleton (D:4)
  2 worms
  10 orcs
  A ball python (D:1)
  4 giant cockroaches
  3 hobgoblins
  5 kobolds
  2 quokkas
  9 bats
  3 giant geckos
  A giant newt (D:2)
  8 goblins
  5 rats
78 creatures vanquished.

Vanquished Creatures (others)
  2 plants (D:2)
2 creatures vanquished.

Grand Total: 80 creatures vanquished

Notes
Turn   | Place    | Note
--------------------------------------------------------------
     0 | D:1      | namelastname112 the Draconian Wizard began the quest for the Orb.
     0 | D:1      | Reached XP level 1. HP: 14/14 MP: 4/4
   124 | D:1      | Reached skill level 1 in Fighting
   134 | D:1      | Reached XP level 2. HP: 14/23 MP: 0/6
   989 | D:2      | Reached XP level 3. HP: 3/29 MP: 7/7
  1674 | D:2      | Found a white marble altar of Elyvilon.
  1678 | D:2      | Found a bloodstained altar of Trog.
  1678 | D:2      | Found a stormy altar of Qazlal.
  1679 | D:2      | Found a shadowy altar of Dithmenos.
  1750 | D:2      | Reached XP level 4. HP: 35/37 MP: 8/8
  2035 | D:2      | Reached skill level 1 in Polearms
  2375 | D:3      | Reached XP level 5. HP: 27/44 MP: 6/9
  3025 | D:4      | Noticed an ogre
  3039 | D:4      | Killed an ogre
  3089 | D:4      | Reached XP level 6. HP: 51/51 MP: 7/10
  3196 | D:4      | Found a staircase to the Ecumenical Temple.
  3234 | Temple   | Entered the Ecumenical Temple
  3281 | Temple   | Became a worshipper of Warmaster Okawaru
  3837 | D:5      | Entered Level 5 of the Dungeon
  3837 | D:5      | Noticed Edmund
  3884 | D:5      | Reached skill level 1 in Invocations
  4407 | D:5      | HP: 2/51 [centaur skeleton (4)]
  4984 | D:5      | Reached skill level 4 in Polearms
  5203 | D:5      | HP: 2/52 [orc priest/divine providence (16)]
  5204 | D:5      | Slain by an orc priest

Action                   |  1- 3 |  4- 6 || total
-------------------------+-------+-------++-------
Melee: Unarmed           |    18 |       ||    18
       Short sword       |    39 |   185 ||   224
       Dagger            |     4 |       ||     4
Throw: Throwing net      |     1 |       ||     1
 Cast: Magic Dart        |    44 |    74 ||   118
  Use: Potion            |       |     1 ||     1
 Stab: Sleeping          |     1 |     2 ||     3
  Eat: Chunk             |     2 |     9 ||    11
       Royal jelly       |       |     1 ||     1
